AoeStats
← Grant B 1993

Arena

506728945Analyzed
1v1 RM · 16d ago on Sep 14, 2026· 44m 27s· 2 players
Game mode
Random Map
Map size
Tiny (2 player)
Population
200
Speed
Normal
Resources
Standard
Victory
Conquest
Starting age
Dark Age
Ending age
Imperial Age
RankedLock teamsTeams togetherTeam positionsShared explorationLock speedFull tech treeHidden civsTurbo modeCheats
Victory
Defeat
🇨🇱 Franks · Chile
856
+16
🇺🇸 Sicilians · United States
848
-16
Grant B 1993
4:46 Loom
10:55 Feudal Age
11:21 Horse Collar
11:27 Double-Bit Axe
11:47 Stone Mining
11:47 Gold Mining
19:55 Castle Age
19:16 Fletching
20:40 Bodkin Arrow
22:55 Squires
22:41 Arson
22:17 Pikeman
24:13 Forging
24:03 Scale Mail Armor
29:23 Murder Holes
32:33 Imperial Age
30:59 Gold Shaft Mining
32:09 Heavy Plow
32:27 Bow Saw
32:54 Stone Shaft Mining
34:49 Wheelbarrow
36:07 Hand Cart
35:39 Town Watch
36:30 Conscription
36:56 Iron Casting
36:36 Chain Mail Armor
36:18 Halberdier
38:41 Town Patrol
38:58 Elite Serjeant
41:03 Blast Furnace
40:18 Chain Mail Armor
43:23 Plate Mail Armor
42:57 Bracer
Gandaro S
11:04 Feudal Age
15:27 Castle Age
13:45 Double-Bit Axe
14:49 Gold Mining
15:39 Wheelbarrow
16:16 Loom
17:22 Bow Saw
25:57 Imperial Age
24:45 Forging
26:20 Hand Cart
25:53 Town Watch
29:42 Town Patrol
30:03 Fletching
30:51 Iron Casting
30:25 Scale Barding Armor
32:53 Chivalry
33:16 Conscription
34:24 Blast Furnace
35:29 Chain Barding Armor
35:23 Stone Mining
36:20 Gold Shaft Mining
36:09 Scale Mail Armor
35:32 Cavalier
36:13 Husbandry
37:19 Paladin
38:56 #83
40:39 Chemistry
40:43 Plate Barding Armor
43:07 Ballistics
42:54 Siege Engineers
42:37 Elite Throwing Axeman
Connection lost

Rejoining the realm…

Still unreachable

The connection could not be restored.

Session expired

The server has moved on; the page needs a fresh start.